 Dungeon Crawl Stone Soup version 0.17-b1-15-g0f5fb43 (webtiles) character file.

117 radek the Conjurer (level 4, -2/24 HPs)
             Began as a Deep Elf Conjurer on Nov 3, 2015.
             Killed from afar by an orc wizard (7 damage)
             ... with a magic dart
             ... on level 3 of the Dungeon.
             The game lasted 00:06:45 (2865 turns).

radek the Conjurer (Deep Elf Conjurer)              Turns: 2865, Time: 00:06:45

Health: -2/24      AC:  3    Str:  6    XL:     4   Next: 71%
Magic:  3/10       EV: 13    Int: 20    God:
Gold:   93         SH:  0    Dex: 15    Spells: 1 memorised, 8 levels left

rFire  . . .     SeeInvis .     e - +0 dagger
rCold  . . .     Clarity  .     a - +0 robe
rNeg   . . .     SustAt   .     (no shield)
rPois  .         Gourm    .     (no helmet)
rElec  .         Spirit   .     n - +0 cloak
rCorr  .         Warding  .     (no gloves)
rMut   .         Stasis   .     (no boots)
MR     .....                    g - amulet of faith
Stlth  ++........               (no ring)
                                (no ring)

@: not resistant to hostile enchantments, unstealthy
A: no striking features
a: no special abilities


You were on level 3 of the Dungeon.
You were hungry.

You visited 1 branch of the dungeon, and saw 4 of its levels.

You collected 93 gold pieces.

Inventory:

Hand Weapons
 e - a +0 dagger (weapon)
Armour
 a - a +0 robe (worn)
 n - a +0 cloak (worn)
Jewellery
 g - an amulet of faith (around neck)
 p - an uncursed ring of protection from fire {unknown}
Scrolls
 d - 2 scrolls of identify {unknown}
 f - a scroll of teleportation {unknown}
 h - a scroll of remove curse {unknown}
 k - a scroll of amnesia {unknown}
 l - a scroll of immolation {unknown}
Potions
 m - a potion of degeneration {unknown}
 q - 2 potions of cancellation {unknown}
Books
 b - a book of Conjurations

   Spells                             Type                      Level
   a - Magic Dart                     Conjuration                  1
   b - Searing Ray                    Conjuration                  2
   c - Dazzling Spray                 Conjuration/Hexes            3
   d - Fulminant Prism                Conjuration/Hexes            4
   e - Iskenderun's Mystic Blast      Conjuration                  4
   f - Iskenderun's Battlesphere      Conjuration/Charms           5
Comestibles
 c - 2 bread rations
 i - 2 meat rations
 j - a slice of pizza
 o - a beef jerky


   Skills:
 - Level 2.4 Dodging
 - Level 2.4 Stealth
 - Level 3.0 Spellcasting
 + Level 6.7 Conjurations


You had 8 spell levels left.
You knew the following spells:

 Your Spells              Type           Power        Failure   Level  Hunger
a - Magic Dart            Conj           ####         1%          1    None


Dungeon Overview and Level Annotations

Branches:
Dungeon (4/15)
 Temple: D:4-7

Altars:


Message History

The orc wizard blinks!
There is a stone staircase leading up here.
The worker ant closely misses you.
The orc wizard mumbles some strange words.
The orc wizard seems to speed up.
The worker ant barely misses you.
You climb upwards.
The orc hits you with a flail. The orc hits you with a flail.
There is a stone staircase leading down here.
Casting: Magic Dart
Confirm with . or Enter, or press ? or * to list all spells.
Aiming: Magic Dart
Press: ? - help, Shift-Dir - straight line, f - worker ant
Aim: a worker ant (severely wounded)
The magic dart hits the worker ant.
The worker ant is severely wounded.
The worker ant bites you.
* * * LOW HITPOINT WARNING * * *
The orc wizard gestures at you while chanting.
The magic dart hits you!
You die...

.#####. ....... .# .# .#
.. ## #...# # #...# #
#...########.##.. ####
#...##.ao@o.))).#
...#####[..##.###.###..#
..................#
.......[..^.......#
.#...................
...#####...##..#..#..
.#### #...##........
....# #...###.##....
.##.# #...# .# ##.#


You could see a worker ant, an orc wizard and an orc.

Vanquished Creatures
  4 adders
  An ooze (D:3)
  2 worms (D:2)
  5 giant geckos
  3 orcs (D:3)
  7 bats
  10 hobgoblins
  3 jackals (D:1)
  A ball python (D:2)
  3 giant newts (D:2)
  9 goblins
  8 kobolds
  7 rats
63 creatures vanquished.

Notes
Turn   | Place    | Note
--------------------------------------------------------------
     0 | D:1      | radek the Deep Elf Conjurer began the quest for the Orb.
     0 | D:1      | Reached XP level 1. HP: 10/10 MP: 6/6
   112 | D:1      | Reached XP level 2. HP: 1/15 MP: 0/8
   471 | D:1      | Reached skill level 5 in Conjurations
  1005 | D:1      | Reached XP level 3. HP: 19/19 MP: 4/9
  1789 | D:2      | Reached skill level 6 in Conjurations
  2099 | D:2      | Reached XP level 4. HP: 20/24 MP: 5/10
  2865 | D:3      | Killed from afar by an orc wizard

Action                   |  1- 3 |  4- 6 || total
-------------------------+-------+-------++-------
Melee: Dagger            |    16 |     5 ||    21
 Cast: Magic Dart        |    98 |    53 ||   151
  Eat: Chunk             |     3 |     2 ||     5
